 Dungeon Crawl Stone Soup version 0.32-a0-909-gc671339a80 (webtiles) character file.

Game seed: 7778820178405087528

522 mudtoeberg the Ruffian (level 7, -8/66 HPs)
             Began as a Troll Shapeshifter on Apr 6, 2024.
             Mangled by an orc
             ... wielding a +0 falchion
              (10 damage)
             ... on level 4 of the Dungeon.
             The game lasted 00:05:53 (2715 turns).

mudtoeberg the Ruffian (Troll Shapeshifter)         Turns: 2715, Time: 00:05:53

Health: -8/66      AC:  4    Str: 25    XL:     7   Next: 1%
Magic:  6/6        EV:  9    Int:  6    God:
Gold:   141        SH:  0    Dex:  9    Spells: 6/6 levels left

rFire   . .          .
                       - Unarmed
rCold   . . .        e - orb {mayhem}
rNeg    . . .        a - +0 animal skin
rPois   .            (helmet currently unavailable)
rElec   .            (cloak currently unavailable)
rCorr   .            (gloves unavailable)
SInv    .            (boots unavailable)
Will    .....        (no amulet)
Stlth   +            (no ring)
HPRegen 1.11/turn    (no ring)
MPRegen 0.10/turn

%: mayhem
@: beast-form
A: beast (slay +2), large, unfitting armour, claws 3, regeneration 1, shaggy fur
1, tough skin 1
a: Begin Untransformation


You were on level 4 of the Dungeon.
You were a hulking beast.
You visited 1 branch of the dungeon, and saw 4 of its levels.

You collected 141 gold pieces.

Inventory:

Hand Weapons
 s - a +0 giant club
Missiles
 r - 6 boomerangs (quivered)
 u - 8 stones
Armour
 a - a +0 animal skin (worn)
 e - an orb of mayhem (worn)
Jewellery
 x - a ring of fire
Talismans
 c - a beast talisman (active)
 d - a flux talisman
 k - a flux talisman
Scrolls
 f - 2 scrolls of teleportation {unknown}
 g - 2 scrolls of enchant armour {unknown}
 j - 2 scrolls of revelation {unknown}
 m - 3 scrolls of blinking {unknown}
 n - a scroll of amnesia {unknown}
 o - 3 scrolls of identify {unknown}
 p - a scroll of noise {unknown}
 q - a scroll of vulnerability {unknown}
 v - a scroll of brand weapon {unknown}
Potions
 b - 2 potions of lignification
 h - 3 potions of heal wounds {unknown}
 i - a potion of curing {unknown}
 l - a potion of brilliance {unknown}
 t - a potion of haste {unknown}
 w - a potion of experience {unknown}


   Skills:
 + Level 2.4 Fighting
 - Level 2.0 Armour
 - Level 2.0 Dodging
 + Level 5.1 Unarmed Combat
 * Level 4.9 Shapeshifting


You had 6 spell levels left.
You didn't know any spells.
Your spell library contained the following spells:

 Spells                   Type           Power      Damage    Failure   Level
 Foxfire                  Conj/Fire      0%         2x1d4     45%         1
 Passwall                 Erth           0%         N/A       83%         3
 Volatile Blastmotes      Fire/Tloc      0%         2d10      83%         3
 Vhi's Electric Charge    Tloc/Air       0%         N/A       99%         4
 Bombard                  Conj/Erth      0%         9d1       100%        6
 Plasma Beam              Fire/Air       0%         2x1d10    100%        6
 Starburst                Conj/Fire      0%         6d3       100%        6


Dungeon Overview and Level Annotations

Branches:
Dungeon (4/15)
 Temple: D:4-7

Altars:
Cheibriados
Trog
Wu Jian


Innate Abilities, Weirdness & Mutations

You are a hulking beast.
Your limbs bulge with bestial killing power. (Slay +2)
You are too large for most types of armour.
You have claws for hands.
Your natural rate of healing is unusually fast.
You are covered in fur. (AC +1)
You have tough skin. (AC +1)


Message History

The orc is heavily wounded.
The orc hits you with a +0 trident! The kobold closely misses you.
The orc completely misses you. The orc hits you with a +0 hand axe.
Something hits you.
You claw the orc!
You kill the orc!
The orc hits you with a +0 short sword. The kobold closely misses you.
The orc barely misses you. Something hits you.
You closely miss the orc. The orc hits you with a +0 short sword.
The kobold hits you with a +0 short sword.
The orc hits you with a +0 hand axe. Something hits you but does no damage.
You claw the orc!
You kill the orc!
The orc flies into a frenzy!
The orc closely misses you.
The kobold hits you with a +0 short sword.
The orc hits you but does no damage. Something completely misses you.
You barely miss the orc. The orc closely misses you.
The kobold hits you but does no damage. The orc hits you but does no damage.
The orc closely misses you. Something hits you but does no damage.
You claw the orc!
You kill the orc!
The orc hits you with a +0 falchion. The kobold closely misses you.
You scratch the kobold.
You kill the kobold!
Something hits you. The orc hits you with a +0 falchion!
You miss something. The orc hits you with a +0 falchion!
* * * LOW HITPOINT WARNING * * *
You hear some strange, mumbled words.
Something tries to affect you, but you resist.
The orc hits you with a +0 falchion.
* * * LOW HITPOINT WARNING * * *
You scratch something. The orc misses you. Something hits you.
* * * LOW HITPOINT WARNING * * *
You barely miss something. The orc closely misses you.
Something completely misses you. The orc hits you with a +0 falchion.
* * * LOW HITPOINT WARNING * * *
You claw something!
Reactivating autopickup.
You feel a bit more experienced. The orc hits you with a +0 falchion!
You die...

.........
.........
........#
.........#
....$.....##
...........#
........))o#
#.......)h)#
#..........#
#..........#
#..........#
#####..........#
#...........####
#...........#
#...........#
#...........#


You could see a neutral orc (fast, strong, frenzied).

Vanquished Creatures
  Grinder (D:3)
  An ogre (D:3)
  A scorpion (D:3)
  A bombardier beetle (D:3)
  An orc priest (D:3)
  An iguana (D:3)
  An orc wizard (D:4)
  A dart slug (D:3)
  8 orcs
  4 ball pythons
  6 endoplasms
  10 giant cockroaches
  6 goblins
  7 hobgoblins
  5 jackals (D:3)
  3 quokkas
  7 bats
  5 frilled lizards
  5 kobolds
  2 rats (D:2)
76 creatures vanquished.

Vanquished Creatures (collateral kills)
  An orc (D:3)
1 creature vanquished.

Vanquished Creatures (others)
  A giant cockroach (D:3)
1 creature vanquished.

Grand Total: 78 creatures vanquished

Notes
Turn   | Place    | Note
-------+----------+-------------------------------------------
     0 | D:1      | mudtoeberg the Troll Shapeshifter began the quest for the
                  | Orb.
     0 | D:1      | Reached XP level 1. HP: 18/18 MP: 0/0
   237 | D:1      | Reached XP level 2. HP: 26/26 MP: 1/1
   341 | D:1      | Found a faded altar of an unknown god.
   423 | D:1      | Reached skill level 4 in Unarmed Combat
   747 | D:2      | Reached XP level 3. HP: 32/32 MP: 2/2
  1625 | D:3      | Reached skill level 1 in Fighting
  1643 | D:3      | Reached XP level 4. HP: 18/41 MP: 3/3
  1691 | D:3      | Noticed a scorpion
  1699 | D:3      | Killed a scorpion
  1700 | D:3      | Reached skill level 1 in Armour
  1700 | D:3      | Reached XP level 5. HP: 48/48 MP: 4/4
  1712 | D:3      | Noticed an ogre
  1717 | D:3      | Killed an ogre
  1830 | D:3      | Reached XP level 6. HP: 57/57 MP: 5/5
  1892 | D:3      | Found a snail-covered altar of Cheibriados.
  2071 | D:3      | Noticed Grinder
  2081 | D:3      | Killed Grinder
  2082 | D:3      | Reached skill level 5 in Unarmed Combat
  2336 | D:3      | Found an ornate altar of the Wu Jian Council.
  2337 | D:3      | Found a bloodstained altar of Trog.
  2702 | D:4      | Reached XP level 7. HP: 66/66 MP: 6/6
  2714 | D:4      | HP: 1/66 [orc/+0 falchion (6)]
  2715 | D:4      | Mangled by an orc

Illustrated notes

Levels and vault maps discovered:
D:1:      lemuel_arrival_broad_hall, layout_basic, basic_ecumenical_altar,
          amcnicky_mini_rare_corridor_liquid, minmay_tromino_v4_a
D:2:      layout_basic, chequers_jeans
D:3:      minmay_roachtagon, layout_loops_corners, lemuel_round_altar,
          minitemple, uniq_grinder
D:4:      layout_rooms, grunt_decor_resistance

Skill      XL: |  1  2  3  4  5  6 |
---------------+-------------------+-----
Unarmed Combat | 4 5 |  5.1
Fighting       | 1 2 |  2.4
Armour         | 1 2 |  2.0
Dodging        | 2 |  2.0
Shapeshifting  | 4 |  4.9

Action                     |  1- 3 |  4- 6 |  7- 9 || total
---------------------------+-------+-------+-------++-------
  Melee: Unarmed           |    87 |    52 |    13 ||   152
  Throw: Stone             |    15 |       |       ||    15
         Boomerang         |       |     3 |       ||     3
 Armour: Animal skin       |    58 |    26 |    27 ||   111
  Dodge: Dodged            |    45 |    25 |    19 ||    89

Table legend: (Time is in decaauts)
 A = Elapsed time spent in this place.
 B = Non-inter-level travel time spent in this place.
 C = Inter-level travel time spent in this place.
 D = Time resting spent in this place.
 E = Time spent auto-exploring this place.
 F = Levels seen in this place.
 G = Mean time per level.
                   A        B        C        D        E       F      G
               +--------+--------+--------+--------+--------+-----+--------+
         Total |   2704 |   2591 |    113 |      0 |   2192 |   4 |  676.0 |
       Dungeon |   2704 |   2591 |    113 |      0 |   2192 |   4 |  676.0 |
               +--------+--------+--------+--------+--------+-----+--------+

Top non-repeatable levels by time:
     D:3: 1121 daAuts
     D:2: 811 daAuts
     D:1: 618 daAuts
     D:4: 152 daAuts
